AoeStats
← HENDRIXarg2502

Arabia

510211489Analyzed
1v1 RM · 3d ago on Sep 30, 2026· 25m 54s· 2 players
Game mode
Random Map
Map size
Tiny (2 player)
Population
200
Speed
Normal
Resources
Standard
Victory
Conquest
Starting age
Dark Age
Ending age
Imperial Age
RankedLock teamsTeams togetherTeam positionsShared explorationLock speedFull tech treeHidden civsTurbo modeCheats
Victory
Defeat
🇦🇷 Teutons · Argentina
1128
+15
🇺🇸 Magyars · United States
1105
-15
runningpanda5
5:11 Loom
9:50 Feudal Age
10:21 Double-Bit Axe
21:42 Castle Age
21:06 Scale Barding Armor
21:12 Bloodlines
21:36 Gold Mining
21:30 Horse Collar
24:28 Pikeman
24:44 Pikeman
26:17 Scale Mail Armor
HENDRIXarg2502
6:12 Loom
9:00 Feudal Age
9:46 Double-Bit Axe
17:21 Wheelbarrow
20:06 Castle Age
18:34 Gold Mining
18:58 Bloodlines
19:21 Scale Barding Armor
20:15 Forging
19:51 Horse Collar
22:42 Bow Saw
24:00 Pikeman
Connection lost

Rejoining the realm…

Still unreachable

The connection could not be restored.

Session expired

The server has moved on; the page needs a fresh start.